EL
COLUMBIA FIREFLIES @ HARRISBURG SENATORS
05/26/2048
 
TOP OF THE 1ST
Columbia Fireflies batting - Pitching for Harrisburg Senators : RHP Jim Sanders
Pitching: RHP Jim Sanders
Batting: RHB Omar Novoa 0-0: Swinging Strike
0-1: Fly out, F4 (Line Drive, 4, EV 68.8 MPH)
Batting: RHB Elias Urbina 0-0: Ball
1-0: Called Strike
1-1: Ball
2-1: Called Strike
2-2: Strikes out swinging
Batting: LHB Tony Leyba 0-0: Ball
1-0: Ground out U3 (Groundball, 3, EV 82.5 MPH)
Top of the 1st over - 0 runs, 0 hits, 0 errors, 0 left on base; Columbia 0 - Harrisburg 0
BOTTOM OF THE 1ST
Harrisburg Senators batting - Pitching for Columbia Fireflies : LHP Ricardo Chavez
Pitching: LHP Ricardo Chavez
Batting: RHB Ryan Hiemer 0-0: Ball
1-0: Called Strike
1-1: Foul Ball, location: 2F
1-2: Ball
2-2: Reached on error, E8 (Flyball, 8RM, EV 89.4 MPH)
Batting: RHB Antonio Laurel 0-0: SINGLE (Groundball, 56D, EV 101.9 MPH)
Ryan Hiemer to second
Batting: RHB Nate Dickinson 0-0: Fly out, F5 (Line Drive, 5, EV 73.8 MPH)
Batting: RHB Paul Shell 0-0: Fielders Choice at 3rd, U5 (Groundball, 5L, EV 102.5 MPH)
Antonio Laurel to second
Batting: RHB John McNeill 0-0: Ball
1-0: Foul Ball, location: 2F
1-1: Called Strike
1-2: Ball
2-2: Foul Ball, location: 2F
2-2: SINGLE (Groundball, 6S, EV 66.2 MPH) (infield hit)
Antonio Laurel to third
Paul Shell to second
Batting: LHB Pat Aviles 0-0: Foul Ball, location: 2F
0-1: Foul Ball, location: 2F
0-2: Ball
1-2: Strikes out looking
Bottom of the 1st over - 0 runs, 2 hits, 1 error, 3 left on base; Columbia 0 - Harrisburg 0
TOP OF THE 2ND
Columbia Fireflies batting - Pitching for Harrisburg Senators : RHP Jim Sanders
Batting: RHB Masaya Nakamura 0-0: Ground out 5-3 (Groundball, 5L, EV 91.9 MPH)
Batting: SHB Masatoshi Akahoshi 0-0: Ball
1-0: Ball
2-0: Called Strike
2-1: Foul Ball, location: 2F
2-2: Ball
3-2: Hit by Pitch
Batting: RHB Jose Lara 0-0: Ball
1-0: Foul Ball, location: 2F
1-1: Foul Ball, location: 2F
1-2: Fielders Choice at 2nd, 4-6 (Groundball, 4, EV 82.5 MPH)
Batting: LHB Preston Knaak 0-0: Ball
1-0: Foul Ball, location: 2F
1-1: Ball
2-1: Foul Ball, location: 2F
2-2: Ground out 4-3 (Groundball, 4, EV 87.5 MPH)
Top of the 2nd over - 0 runs, 0 hits, 0 errors, 1 left on base; Columbia 0 - Harrisburg 0
BOTTOM OF THE 2ND
Harrisburg Senators batting - Pitching for Columbia Fireflies : LHP Ricardo Chavez
Batting: RHB Victor Cintron 0-0: Called Strike
0-1: Ball
1-1: Ball
2-1: Swinging Strike
2-2: Foul Ball, location: 2F
2-2: Ground out 4-3 (Groundball, 4, EV 91.9 MPH)
Batting: LHB John Holst 0-0: Called Strike
0-1: Foul Ball, location: 2F
0-2: Foul Ball, location: 2F
0-2: Ball
1-2: Ball
2-2: Strikes out swinging
Batting: RHB Seth Rutz 0-0: Called Strike
0-1: Called Strike
0-2: Ball
1-2: Foul Ball, location: 2F
1-2: Ball
2-2: Strikes out swinging
Bottom of the 2nd over - 0 runs, 0 hits, 0 errors, 0 left on base; Columbia 0 - Harrisburg 0
TOP OF THE 3RD
Columbia Fireflies batting - Pitching for Harrisburg Senators : RHP Jim Sanders
Batting: RHB Dan Muse 0-0: Foul Ball, location: 2F
0-1: Ball
1-1: Foul Ball, location: 2F
1-2: Strikes out looking
Batting: RHB Fathi Addae 0-0: Called Strike
0-1: Foul Ball, location: 2F
0-2: Strikes out swinging
Batting: RHB Omar Novoa 0-0: Ball
1-0: Ground out 6-3 (Groundball, 6S, EV 90.6 MPH)
Top of the 3rd over - 0 runs, 0 hits, 0 errors, 0 left on base; Columbia 0 - Harrisburg 0
BOTTOM OF THE 3RD
Harrisburg Senators batting - Pitching for Columbia Fireflies : LHP Ricardo Chavez
Batting: RHB Ryan Hiemer 0-0: Called Strike
0-1: Ball
1-1: Ball
2-1: Ball
3-1: Called Strike
3-2: Base on Balls
Batting: RHB Antonio Laurel 0-0: SINGLE (Line Drive, 78S, EV 107.5 MPH)
Ryan Hiemer to second
Batting: RHB Nate Dickinson 0-0: Foul Ball, location: 2F
0-1: Ball
1-1: Called Strike
1-2: Foul Ball, location: 2F
1-2: Ball
2-2: Foul Ball, location: 2F
2-2: Fly out, F9 (Flyball, 9LS, EV 88.8 MPH)
Batting: RHB Paul Shell 0-0: Ball
1-0: Hit by Pitch
Ryan Hiemer to third
Antonio Laurel to second
Batting: RHB John McNeill 0-0: Ball
1-0: Ball
2-0: Swinging Strike
2-1: Ball
3-1: Called Strike
3-2: Fly out, F8 (Flyball, 8RM, EV 95.6 MPH)
Batting: LHB Pat Aviles 0-0: Ball
1-0: Ball
2-0: Ball
3-0: Called Strike
3-1: Called Strike
3-2: Fly out, F8 (Flyball, 8LM, EV 88.1 MPH)
Bottom of the 3rd over - 0 runs, 1 hit, 0 errors, 3 left on base; Columbia 0 - Harrisburg 0
TOP OF THE 4TH
Columbia Fireflies batting - Pitching for Harrisburg Senators : RHP Jim Sanders
Batting: RHB Elias Urbina 0-0: Foul Ball, location: 2F
0-1: Ground out U3 (Groundball, 3L, EV 88.8 MPH)
Batting: LHB Tony Leyba 0-0: Ball
1-0: Swinging Strike
1-1: Called Strike
1-2: Fly out, F8 (Flyball, 8LXD, EV 97.5 MPH)
Batting: RHB Masaya Nakamura 0-0: Ball
1-0: Ground out 6-3 (Groundball, 6, EV 86.2 MPH)
Top of the 4th over - 0 runs, 0 hits, 0 errors, 0 left on base; Columbia 0 - Harrisburg 0
BOTTOM OF THE 4TH
Harrisburg Senators batting - Pitching for Columbia Fireflies : LHP Ricardo Chavez
Batting: RHB Victor Cintron 0-0: Foul Ball, location: 2F
0-1: Called Strike
0-2: Foul Ball, location: 2F
0-2: Foul Ball, location: 2F
0-2: Reached on error, E1 (Groundball, 15, EV 68.1 MPH)
Batting: LHB John Holst 0-0: Ball
1-0: Ball
2-0: Foul Ball, location: 2F
2-1: Ball
3-1: Base on Balls
Batting: RHB Seth Rutz 0-0: Called Strike
0-1: DOUBLE (Groundball, 5L, EV 104.4 MPH)
Victor Cintron scores
John Holst to third
Runner from 3rd tries for Home, SAFE, no throw by LF
Batting: RHB Ryan Hiemer 0-0: Foul Ball, location: 2F
0-1: Ground out 5-3 (Groundball, 56, EV 82.5 MPH)
Batting: RHB Antonio Laurel 0-0: Called Strike
0-1: Ground out U3 (Groundball, 3, EV 104.4 MPH)
Seth Rutz to third
Batting: RHB Nate Dickinson 0-0: Called Strike
0-1: Ball
1-1: Called Strike
1-2: Foul Ball, location: 2F
1-2: Ball
2-2: Ball
3-2: Foul Ball, location: 2F
3-2: Base on Balls
Batting: RHB Paul Shell 0-0: Foul Ball, location: 2F
0-1: Called Strike
0-2: Ball
1-2: Ball
2-2: Fielders Choice at 2nd, 5-4 (Groundball, 56, EV 95.6 MPH)
Bottom of the 4th over - 2 runs, 1 hit, 1 error, 2 left on base; Columbia 0 - Harrisburg 2
TOP OF THE 5TH
Columbia Fireflies batting - Pitching for Harrisburg Senators : RHP Jim Sanders
Batting: SHB Masatoshi Akahoshi 0-0: Foul Ball, location: 2F
0-1: Foul Ball, location: 2F
0-2: Foul Ball, location: 2F
0-2: Ball
1-2: Ball
2-2: Foul Ball, location: 2F
2-2: Ground out 5-3 (Groundball, 56S, EV 81.2 MPH)
Batting: RHB Jose Lara 0-0: Swinging Strike
0-1: Swinging Strike
0-2: Strikes out swinging
Batting: LHB Preston Knaak 0-0: Swinging Strike
0-1: Ball
1-1: Ball
2-1: Called Strike
2-2: Strikes out swinging, 2-3 out at first.
Top of the 5th over - 0 runs, 0 hits, 0 errors, 0 left on base; Columbia 0 - Harrisburg 2
BOTTOM OF THE 5TH
Harrisburg Senators batting - Pitching for Columbia Fireflies : LHP Ricardo Chavez
Batting: RHB John McNeill 0-0: Ball
1-0: Ball
2-0: Called Strike
2-1: Ball
3-1: SINGLE (Line Drive, 6M, EV 96.9 MPH)
Batting: LHB Pat Aviles 0-0: SINGLE (Groundball, 4S, EV 69.4 MPH) (infield hit)
John McNeill to second
Batting: RHB Victor Cintron 0-0: Fly out, F8 (Line Drive, 8RD, EV 95.0 MPH)
Runner from 2nd tags up, SAFE at 3rd with throw by CF
Batting: LHB John Holst 0-0: Ball
1-0: Ball
2-0: SINGLE (Line Drive, 6D, EV 97.5 MPH)
John McNeill scores
Pat Aviles to second
Pitching: RHP Tyler Lybrand
Batting: RHB Seth Rutz 0-0: Ball
1-0: Called Strike
1-1: Ground out 5-3 (Groundball, 56S, EV 66.9 MPH)
Pat Aviles to third
John Holst to second
Batting: RHB Ryan Hiemer 0-0: DOUBLE (Line Drive, 7LS, EV 95.6 MPH)
Pat Aviles scores
John Holst scores
Batting: RHB Antonio Laurel 0-0: Called Strike
0-1: Foul Ball, location: 2F
0-2: Strikes out swinging
Bottom of the 5th over - 3 runs, 4 hits, 0 errors, 1 left on base; Columbia 0 - Harrisburg 5
TOP OF THE 6TH
Columbia Fireflies batting - Pitching for Harrisburg Senators : RHP Jim Sanders
Batting: RHB Dan Muse 0-0: Called Strike
0-1: Foul Ball, location: 2F
0-2: SINGLE (Groundball, 4MS, EV 67.5 MPH) (infield hit)
Batting: RHB Fathi Addae 0-0: Foul Ball, location: 2F
0-1: Swinging Strike
0-2: Ball
1-2: Grounds into double play, 6-4-3 (Groundball, 6, EV 83.1 MPH)
Batting: RHB Omar Novoa 0-0: Ball
1-0: Called Strike
1-1: SINGLE (Groundball, 5D, EV 104.4 MPH)
Batting: RHB Elias Urbina 0-0: Fielders Choice at 2nd, 6-4 (Groundball, 6, EV 83.1 MPH)
Top of the 6th over - 0 runs, 2 hits, 0 errors, 1 left on base; Columbia 0 - Harrisburg 5
BOTTOM OF THE 6TH
Harrisburg Senators batting - Pitching for Columbia Fireflies : RHP Tyler Lybrand
Batting: RHB Nate Dickinson 0-0: Ball
1-0: Called Strike
1-1: Ball
2-1: Ground out 6-3 (Groundball, 6, EV 110.6 MPH)
Batting: RHB Paul Shell 0-0: Ball
1-0: Ball
2-0: SINGLE (Groundball, 56D, EV 103.1 MPH)
Batting: RHB John McNeill 0-0: Called Strike
Paul Shell steals 2nd base (no throw)
0-1: Ball
1-1: Called Strike
Paul Shell steals 3rd base
1-2: Ball
2-2: Ball
3-2: Strikes out swinging
Batting: LHB Pat Aviles 0-0: Ball
1-0: Swinging Strike
1-1: Foul Ball, location: 2F
1-2: Strikes out swinging
Bottom of the 6th over - 0 runs, 1 hit, 0 errors, 1 left on base; Columbia 0 - Harrisburg 5
TOP OF THE 7TH
Columbia Fireflies batting - Pitching for Harrisburg Senators : RHP Jim Sanders
Batting: LHB Tony Leyba 0-0: Ball
1-0: Called Strike
1-1: Ball
2-1: Hit by Pitch
Batting: RHB Masaya Nakamura 0-0: Called Strike
0-1: Fly out, F9 (Flyball, 9, EV 86.9 MPH)
Batting: SHB Masatoshi Akahoshi 0-0: Swinging Strike
0-1: Fielders Choice at 2nd, 6-4 (Groundball, 56, EV 85.0 MPH)
Batting: RHB Jose Lara 0-0: Called Strike
Masatoshi Akahoshi is caught stealing 2nd base 2-4
Top of the 7th over - 0 runs, 0 hits, 0 errors, 0 left on base; Columbia 0 - Harrisburg 5
BOTTOM OF THE 7TH
Harrisburg Senators batting - Pitching for Columbia Fireflies : RHP Tyler Lybrand
Batting: RHB Victor Cintron 0-0: Called Strike
0-1: Swinging Strike
0-2: Ball
1-2: Foul Ball, location: 2F
1-2: Ball
2-2: Strikes out swinging
Batting: LHB John Holst 0-0: Called Strike
0-1: Foul Ball, location: 2F
0-2: Strikes out swinging
Pitching: LHP Jimmy Rush
Batting: RHB Seth Rutz 0-0: Called Strike
0-1: Swinging Strike
0-2: Ball
1-2: Ball
2-2: Fly out, F8 (Flyball, 89M, EV 85.0 MPH)
Bottom of the 7th over - 0 runs, 0 hits, 0 errors, 0 left on base; Columbia 0 - Harrisburg 5
TOP OF THE 8TH
Columbia Fireflies batting - Pitching for Harrisburg Senators : RHP Jim Sanders
Batting: RHB Jose Lara 0-0: Called Strike
0-1: Swinging Strike
0-2: Strikes out swinging, 2-3 out at first.
Batting: LHB Preston Knaak 0-0: Swinging Strike
0-1: Ground out 4-3 (Groundball, 4, EV 102.5 MPH)
Batting: RHB Dan Muse 0-0: Ball
1-0: Foul Ball, location: 2F
1-1: Ground out 6-3 (Groundball, 6, EV 83.8 MPH)
Top of the 8th over - 0 runs, 0 hits, 0 errors, 0 left on base; Columbia 0 - Harrisburg 5
BOTTOM OF THE 8TH
Harrisburg Senators batting - Pitching for Columbia Fireflies : LHP Jimmy Rush
Batting: RHB Ryan Hiemer 0-0: Ball
1-0: DOUBLE (Flyball, 9LD, EV 111.9 MPH)
Batting: RHB Antonio Laurel 0-0: Called Strike
0-1: Ground out 5-3 (Groundball, 5, EV 84.4 MPH)
Batting: RHB Nate Dickinson 0-0: Foul Ball, location: 2F
0-1: Ball
1-1: SINGLE (Groundball, 56D, EV 110.0 MPH)
Ryan Hiemer to third
Runner from 3rd tries for Home, SAFE, throw by LF to home
Batting: RHB Paul Shell 0-0: Swinging Strike
0-1: Called Strike
0-2: Ball
1-2: SINGLE (Groundball, 5S, EV 71.9 MPH) (infield hit)
Nate Dickinson to second
Batting: RHB John McNeill 0-0: Ball
1-0: Swinging Strike
1-1: Foul Ball, location: 2F
1-2: Ball
2-2: Fly out, F5 (Line Drive, 5L, EV 68.1 MPH)
Batting: LHB Pat Aviles 0-0: Ball
1-0: Ground out U3 (Groundball, 34S, EV 90.6 MPH)
Bottom of the 8th over - 1 run, 3 hits, 0 errors, 2 left on base; Columbia 0 - Harrisburg 6
TOP OF THE 9TH
Columbia Fireflies batting - Pitching for Harrisburg Senators : RHP Jim Sanders
Batting: RHB Fathi Addae 0-0: Ball
1-0: Ball
2-0: Called Strike
2-1: Called Strike
2-2: Foul Ball, location: 2F
2-2: Foul Ball, location: 2F
2-2: Foul Ball, location: 2F
2-2: Ground out 6-3 (Groundball, 6, EV 85.6 MPH)
Pitching: RHP Gareth Cutts
Batting: RHB Omar Novoa 0-0: Foul Ball, location: 2F
0-1: Foul Ball, location: 2F
0-2: Ground out 6-3 (Groundball, 6S, EV 83.8 MPH)
Batting: RHB Elias Urbina 0-0: Ball
1-0: Ball
2-0: Swinging Strike
2-1: Ball
3-1: Base on Balls
Batting: LHB Tony Leyba 0-0: Ball
1-0: Fly out, F8 (Flyball, 8LM, EV 88.1 MPH)
Top of the 9th over - 0 runs, 0 hits, 0 errors, 1 left on base; Columbia 0 - Harrisburg 6
Tuesday, March 28th , 2023 - OOTP Baseball 23.10 Build 110